 Dungeon Crawl Stone Soup version 0.22-a0-157-g169b76a (webtiles) character file.

92 KristoblXynda the Ducker (level 4, 0/24 HPs)
             Began as a Spriggan Berserker on Feb 8, 2018.
             Was a Believer of Trog.
             Slain by a gnoll
             ... wielding a +0 flail
              (8 damage)
             ... on level 3 of the Dungeon.
             The game lasted 00:03:46 (2025 turns).

KristoblXynda the Ducker (Spriggan Berserker)       Turns: 2025, Time: 00:03:47

Health: 0/24       AC:  2    Str: 13    XL:     4   Next: 35%
Magic:  5/5        EV: 20    Int:  9    God:    Trog [**....]
Gold:   68         SH:  0    Dex: 15    Spells: 3/3 levels left

rFire    . . .     SeeInvis +   a - +0 short sword
rCold    . . .     Gourm    .   (shield restricted)
rNeg     . . .     Faith    .   b - +0 animal skin
rPois    .         Spirit   .   (helmet restricted)
rElec    .         Reflect  .   (no cloak)
rCorr    .         Harm     .   (gloves unavailable)
MR       .....                  (boots unavailable)
Stlth    ++........             (no amulet)
HPRegen  0.08/turn              (no ring)
MPRegen  0.09/turn              (no ring)

@: berserk cooldown, slowed, quick
A: very small, unfitting armour, see invisible, herbivore, speed 3, slow
metabolism 2
a: Berserk, Trog's Hand, Burn Spellbooks, Renounce Religion


You were on level 3 of the Dungeon.
You worshipped Trog.
Trog was pleased with you.
You were very hungry.

You visited 1 branch of the dungeon, and saw 3 of its levels.

You collected 68 gold pieces.

Inventory:

Hand Weapons
 a - a +0 short sword (weapon)
Armour
 b - a +0 animal skin (worn)
Scrolls
 e - a scroll of fear {unknown}
 g - a scroll of magic mapping {unknown}
 j - a scroll of teleportation {unknown}
Potions
 f - a potion of agility {unknown}
 h - a potion of berserk rage {unknown}
Books
 i - a book of Misfortune

   Spells                             Type                      Level
   a - Confusing Touch                Hexes                        1
   b - Confuse                        Hexes                        3
   c - Gell's Gravitas                Translocation                3
   d - Petrify                        Transmutation/Earth          4
   e - Metabolic Englaciation         Hexes/Ice                    5
   f - Yara's Violent Unravelling     Hexes/Transmutation          5
   Trog disapproves of the use of such an item.
Comestibles
 c - 3 rations


   Skills:
 + Level 3.0 Fighting
 + Level 4.0 Short Blades
 + Level 5.4 Dodging
 + Level 3.0 Stealth


You had 3 spell levels left.
You didn't know any spells.

Dungeon Overview and Level Annotations

Branches:
Dungeon (3/15)

Altars:

Annotations:
D:3 braks's ghost, amateur DrTm


Innate Abilities, Weirdness & Mutations

You are very small and have problems with some larger weapons.
You are too small for most types of armour.
You have supernaturally acute eyesight. (SInv)
You are a herbivore.
You cover ground extremely quickly.
You need consume almost no food.


Message History

Braks's ghost misses you.
You feel a strong urge to attack something.
You feel your anger nearly subside.
You are no longer berserk.
You are exhausted.
You feel yourself slow down.
You feel better.
Things that are here:
a club; an adder corpse
Found a ration.
A gnoll comes into view. It is wielding a spear.
Found a glowing hat. 2 gnolls come into view.
The gnoll shouts! x2
A gnoll comes into view. It is wielding a flail.
The gnoll closely misses you. The gnoll barely misses you.
You closely miss the gnoll. The gnoll misses you.
The gnoll completely misses you. The gnoll hits you with a spear.
The gnoll completely misses you. The gnoll hits you with a flail!
You die...

#.##.# #%.##..#.#
#.##.####..##....#
##.##.W.)...##...#
...#######.###.[.#
####
#.###...####..
#.W...........
######.g##### #g.#
#g@# #..# #g..
..### ####


You could see 4 gnolls.

Vanquished Creatures
  4 adders
  2 dart slugs (D:1)
  2 orcs (D:3)
  5 giant cockroaches
  6 goblins
  5 hobgoblins
  5 jackals (D:2)
  7 bats
  A frilled lizard (D:2)
  6 kobolds
  7 rats
50 creatures vanquished.

Notes
Turn   | Place    | Note
-------+----------+-------------------------------------------
     0 | D:1      | KristoblXynda the Spriggan Berserker began the quest for the Orb.
     0 | D:1      | Reached XP level 1. HP: 11/11 MP: 2/2
   134 | D:1      | Reached skill level 1 in Stealth
   179 | D:1      | Reached XP level 2. HP: 12/16 MP: 3/3
   230 | D:1      | Reached ** piety under Trog
   547 | D:1      | Reached XP level 3. HP: 19/19 MP: 4/4
   962 | D:2      | Reached skill level 5 in Dodging
  1550 | D:2      | Reached XP level 4. HP: 23/23 MP: 5/5
  1987 | D:3      | Noticed braks's ghost (amateur DrTm)
  2025 | D:3      | Slain by a gnoll

Vault maps used:
D:1:      lemuel_arrival_muddy, minmay_nonomino_d4

Skill      XL: |  1  2  3  4 |
---------------+-------------+-----
Stealth        | 1 2 3 |  3.0
Dodging        | 5 |  5.4
Short Blades   | 4 |  4.0
Fighting       | 3 |  3.0

Action                   |  1- 3 |  4- 6 || total
-------------------------+-------+-------++-------
Melee: Short sword       |   155 |    65 ||   220
Invok: Berserk           |     1 |     1 ||     2
       Trog's Hand       |     1 |       ||     1
  Use: Potion            |     1 |     1 ||     2
 Stab: Sleeping          |     3 |     1 ||     4
Armor: Animal skin       |    15 |     4 ||    19
Dodge: Dodged            |   137 |    47 ||   184

Table legend:
 A = Spawn XP
 B = Non-spawn XP
 C = Spawn XP percentage of total XP
 D = Spawn monster count
 E = Non-spawn monster count
 F = Spawn count percentage of total count
 G = Total turns spent on level
                    A         B        C        D         E        F      G
               +---------+---------+-------+---------+---------+-------+---------
         Total |       0 |     132 |   0.0 |       0 |      50 |   0.0 |  2025
               +---------+---------+-------+---------+---------+-------+---------
           D:1 |       0 |      43 |   0.0 |       0 |      25 |   0.0 |   867
           D:2 |       0 |      66 |   0.0 |       0 |      20 |   0.0 |   958
           D:3 |       0 |      23 |   0.0 |       0 |       5 |   0.0 |   200
               +---------+---------+-------+---------+---------+-------+---------
